 Dungeon Crawl Stone Soup version 0.27-a0-633-gc6addc0a40 (webtiles) character file.

Game seed: 8077299650470359230

144 shoop the Skirmisher (level 5, -2/57 HPs)
             Began as an Ogre Berserker on Mar 13, 2021.
             Was a Believer of Trog.
             Slain by a gnoll
             ... wielding a +0 spear
              (5 damage)
             ... on level 5 of the Dungeon.
             The game lasted 00:03:09 (2117 turns).

shoop the Skirmisher (Ogre Berserker)               Turns: 2117, Time: 00:03:10

Health: -2/57      AC:  3    Str: 22    XL:     5   Next: 26%
Magic:  5/5        EV: 10    Int:  8    God:    Trog [**....]
Gold:   160        SH:  0    Dex:  8    Spells: 4/4 levels left

rFire    . . .     SeeInvis .   a - +0 mace
rCold    . . .     Faith    .   (no shield)
rNeg     . . .     Spirit   .   b - +0 animal skin
rPois    .         Reflect  .   (helmet restricted)
rElec    .         Harm     .   (no cloak)
rCorr    .         Rampage  .   (gloves unavailable)
Will     .....                  (boots unavailable)
Stlth    +.........             (no amulet)
HPRegen  0.19/turn              (no ring)
MPRegen  0.09/turn              (no ring)

@: berserk cooldown, very slightly contaminated, slowed, invisible, very slow
A: large, unfitting armour, tough skin 1
a: Renounce Religion, Berserk, Trog's Hand


You were on level 5 of the Dungeon.
You worshipped Trog.
Trog was pleased with you.
You visited 1 branch of the dungeon, and saw 5 of its levels.

You collected 160 gold pieces.

Inventory:

Hand Weapons
 a - a +0 mace (weapon)
Missiles
 j - 5 javelins
 l - 8 datura-tipped darts
Armour
 b - a +0 animal skin (worn)
Jewellery
 k - a ring of flight
Scrolls
 c - a scroll of immolation {unknown}
 d - 2 scrolls of identify {unknown}
 e - a scroll of fear {unknown}
 g - a scroll of enchant weapon {unknown}
 h - a scroll of amnesia {unknown}
Potions
 i - a potion of might {unknown}


   Skills:
 + Level 5.3 Fighting
 + Level 4.5 Maces & Flails
 * Level 0.5 Throwing
 - Level 2.6 Dodging
 + Level 0.2 Stealth


You had 4 spell levels left.
You didn't know any spells.
Your spell library was empty.

Dungeon Overview and Level Annotations

Branches:
Dungeon (4/15)
 Temple: D:4-7

Altars:
Elyvilon
Fedhas
Uskayaw


Innate Abilities, Weirdness & Mutations

You are too large for most types of armour.
You have tough skin. (AC +1)


Message History

You feel a strong urge to attack something.
You bludgeon the orc!!
You kill the orc!
Trog accepts your kill.
You feel a strong urge to attack something.
You are no longer berserk.
You are exhausted.
You feel yourself slow down. The gnoll closely misses you.
You aren't carrying any items that you can evoke.
Okay, then.
The gnoll hits you with a +0 spear.
The gnoll hits you from afar with a +0 spear!
The gnoll hits you with a +0 spear!
You barely miss the gnoll. The gnoll barely misses you. x2
The gnoll hits you from afar with a +0 spear.
You closely miss the gnoll. The gnoll hits you with a +0 spear!
The gnoll hits you from afar with a +0 spear.
The gnoll hits you but does no damage.
You hit the gnoll but do no damage.
The gnoll hits you from afar with a +0 spear.
The gnoll closely misses you.
The gnoll hits you from afar with a +0 spear!
* * * LOW HITPOINT WARNING * * *
The gnoll hits you with a +0 spear!
* * * LOW HITPOINT WARNING * * *
It was a potion of invisibility.
You fade into invisibility!
The gnoll closely misses you. x2; The gnoll hits you but does no damage.
You are very lightly contaminated with residual magic.
You hit the gnoll.
The gnoll is lightly wounded.
The gnoll hits you with a +0 spear.
* * * LOW HITPOINT WARNING * * *
The gnoll closely misses you. x2
You sock the gnoll!
The gnoll is almost dead.
The gnoll closely misses you.
The gnoll hits you from afar with a +0 spear.
You die...

#..... #.###.#
#..$..####g#...###
#....g.)ggo......
#.$.#g###o#.####
#. #o# #...# #o#
###o..# #g# .#.#
#g# .# # #@# .#
#.# (# #........
#######.#


You could see 4 gnolls and 2 orcs.

Vanquished Creatures
  A howler monkey (D:4)
  An orc priest (D:5)
  An orc wizard (D:3)
  A worm (D:2)
  2 dart slugs
  9 orcs
  3 giant cockroaches
  2 goblins
  5 hobgoblins
  2 kobolds (D:1)
  A quokka (D:4)
  2 ball pythons
  4 bats
  2 frilled lizards (D:1)
  2 rats
38 creatures vanquished.

Vanquished Creatures (others)
  2 fungi (D:4)
2 creatures vanquished.

Grand Total: 40 creatures vanquished

Notes
Turn   | Place    | Note
-------+----------+-------------------------------------------
     0 | D:1      | shoop the Ogre Berserker began the quest for the Orb.
     0 | D:1      | Reached XP level 1. HP: 24/24 MP: 1/1
   622 | D:1      | Reached XP level 2. HP: 17/32 MP: 2/2
  1085 | D:3      | Reached XP level 3. HP: 21/40 MP: 3/3
  1396 | D:3      | Reached ** piety under Trog
  1440 | D:3      | Found a white marble altar of Elyvilon.
  1458 | D:3      | Reached XP level 4. HP: 49/49 MP: 4/4
  1503 | D:4      | Reached skill level 5 in Fighting
  1927 | D:3      | Found a hide-covered altar of Uskayaw.
  2085 | D:3      | Found a blossoming altar of Fedhas.
  2092 | D:3      | You fall into a shaft and drop 2 floors!
  2092 | D:5      | Entered Level 5 of the Dungeon
  2098 | D:5      | Reached XP level 5. HP: 57/57 MP: 5/5
  2117 | D:5      | Slain by a gnoll

Illustrated notes

Levels and vault maps discovered:
D:1:      lemuel_arrival_room, layout_loops_ring, minmay_hedge_maze,
          corexii_hall_statues_x
D:2:      layout_loops_cross
D:3:      layout_loops_cross, elyvilon_altar_4,
          nicolae_uskayaw_murder_on_the_dancefloor, fedhas_altar_fruit_tree
D:4:      layout_rooms, nicolae_sif_muna_condensation, lemuel_crystal_altar,
          minmay_temple_entry_drinking_statues, serial_aquarium,
          aquarium_bridge_square [aquarium_subvault_bridge,
          aquarium_subvault_wall, aquarium_subvault_bridge,
          aquarium_subvault_wall], aquarium_window_3, aquarium_window_2,
          aquarium_view_2b, aquarium_view_2a
D:5:      layout_loops_ring, grunt_gozag_breadcrumbs, serial_shops, shop_coins,
          uniq_menkaure

Skill      XL: |  1  2  3  4 |
---------------+-------------+-----
Maces & Flails | 3 4 |  4.5
Fighting       | 5 |  5.3
Throwing       | |  0.5
Dodging        | |  2.6
Stealth        | |  0.2

Action                   |  1- 3 |  4- 6 || total
-------------------------+-------+-------++-------
Melee: Mace              |    80 |    38 ||   118
Invok: Berserk           |     1 |     1 ||     2
  Use: Potion            |       |     1 ||     1
Armor: Animal skin       |    21 |     9 ||    30
Dodge: Dodged            |    42 |    30 ||    72

Table legend: (Time is in decaauts)
 A = Elapsed time spent in this place.
 B = Non-inter-level travel time spent in this place.
 C = Inter-level travel time spent in this place.
 D = Time resting spent in this place.
 E = Time spent auto-exploring this place.
 F = Levels seen in this place.
 G = Mean time per level.
                   A        B        C        D        E       F      G
               +--------+--------+--------+--------+--------+-----+--------+
         Total |   2154 |   2089 |     65 |    428 |   1380 |   5 |  430.8 |
       Dungeon |   2154 |   2089 |     65 |    428 |   1380 |   5 |  430.8 |
               +--------+--------+--------+--------+--------+-----+--------+

Top non-repeatable levels by time:
     D:3: 988 daAuts
     D:1: 911 daAuts
     D:2: 172 daAuts
     D:4: 52 daAuts
     D:5: 28 daAuts
